 Dungeon Crawl Stone Soup version 0.29-a0-813-g4a14ea37d6 (webtiles) character file.

Game seed: 16310275620743760514

309 gobodom the Sneak (level 6, 0/39 HPs)
             Began as an Octopode Earth Elementalist on July 4, 2022.
             Slain by a black bear (3 damage)
             ... on level 7 of the Dungeon.
             The game lasted 00:10:37 (4078 turns).

gobodom the Sneak (Octopode Earth Elementalist)     Turns: 4078, Time: 00:10:37

Health: 0/39       AC:  1    Str: 10    XL:     6   Next: 41%
Magic:  10/10      EV: 13    Int: 17    God:
Gold:   990        SH:  0    Dex: 12    Spells: 10/11 levels left

rFire   . . .      SeeInvis .   c - +9 dagger "Goexteare" {drain, Will+}
rCold   . . .      Faith    .   (no shield)
rNeg    + . .      Spirit   .   (helmet restricted)
rPois   .          Reflect  .   (no amulet)
rElec   .          Harm     .   p - ring of positive energy
rCorr   .          Rampage  .   (no ring)
Will    +....                   (no ring)
Stlth   ++++......              (no ring)
HPRegen 0.13/turn               (no ring)
MPRegen 0.12/turn               (no ring)
                                (no ring)
                                (no ring)

@: lethally poisoned (0 -> -19)
A: almost no armour, amphibious, 8 rings, camouflage 1, gelatinous body 1,
(nimble swimmer 1), tentacles
a: no special abilities


You were on level 7 of the Dungeon.
You visited 1 branch of the dungeon, and saw 6 of its levels.

You collected 990 gold pieces.

Inventory:

Hand Weapons
 b - the +11 broad axe of Instant Death {vorpal, rElec Str+6 Dex+3}
   (You acquired it on level 2 of the Dungeon)

   It inflicts extra damage upon your enemies.
   Str:       It affects your strength (+6).
   Dex:       It affects your dexterity (+3).
   rElec:     It insulates you from electricity.
 c - the +9 dagger "Goexteare" (weapon) {drain, Will+}
   (You found it on level 2 of the Dungeon)

   A truly terrible weapon, it drains the life of any living foe it strikes.
   Will:      It increases your willpower.
Missiles
 n - 5 atropa-tipped darts
Jewellery
 p - a ring of positive energy (left tentacle)
Wands
 q - a wand of paralysis (1)
 x - a wand of iceblast (6)
Scrolls
 d - a scroll of poison
 g - a scroll of torment {unknown}
 h - 2 scrolls of teleportation {unknown}
 i - a scroll of noise {unknown}
 j - a scroll of amnesia {unknown}
 k - a scroll of enchant armour {unknown}
 l - a scroll of fear
 m - a scroll of identify {unknown}
 o - a scroll of vulnerability {unknown}
 r - a scroll of silence {unknown}
 y - a scroll of enchant weapon {unknown}
Potions
 a - 2 potions of magic
 e - 2 potions of ambrosia {unknown}
 f - 2 potions of haste {unknown}
 s - a potion of lignification {unknown}
 t - 2 potions of curing {unknown}
 u - a potion of cancellation {unknown}
 v - a potion of might {unknown}
 w - a potion of degeneration {unknown}


   Skills:
 + Level 2.1 Fighting
 * Level 1.7 Short Blades
 + Level 0.1 Axes
 + Level 2.5 Dodging
 + Level 4.6 Stealth
 + Level 1.0 Unarmed Combat
 + Level 3.1 Spellcasting
 + Level 1.0 Transmutations
 * Level 4.1 Earth Magic


You had 10 spell levels left.
You knew the following spells:

 Your Spells              Type           Power      Damage    Failure   Level
a - Sandblast             Erth           32%        2d9       3%          1

Your spell library contained the following spells:

 Spells                   Type           Power      Damage    Failure   Level
 Passwall                 Tmut/Erth      9%         N/A       9%          2
 Sting                    Tmut/Pois      16%        1d3       14%         1
 Stone Arrow              Conj/Erth      18%        3d8       22%         3
 Poisonous Vapours        Pois/Air       4%         N/A       26%         2
 Petrify                  Tmut/Erth      11%        N/A       52%         4
 Olgreb's Toxic Radiance  Pois           2%         N/A       86%         4


Dungeon Overview and Level Annotations

Branches:
Dungeon (5/15)             Temple (0/1) D:4

Altars:
Dithmenos

Shops:
D:5 [


Innate Abilities, Weirdness & Mutations

You cannot wear most types of armour.
You are amphibious.
You can wear up to eight rings at the same time.
Your skin changes colour to match your surroundings (Stealth+).
Your rubbery body absorbs attacks. (AC +1, EV +1)
((You are camouflaged when in or above water. (Stealth+)))
You have tentacles for arms and can constrict up to eight enemies at once.


Message History

The atropa-tipped dart hits the black bear.
The black bear resists.
The blast of sand hits the black bear.
The black bear is moderately wounded.
You open the door.
A scorpion comes into view.
Found a scroll labelled ALIGEICLA FUMA.
Found a viscous brown potion.
There is an open door here.
Found a ring mail.
The black bear attacks as you move away!
The black bear barely misses you. The black bear claws you.
The black bear barely misses you.
The black bear attacks as you move away!
The black bear bites you. The black bear claws you. x2
The scorpion closely misses you. The scorpion attacks as you move away!
The scorpion misses you.
The black bear attacks as you move away!
The black bear bites you! The black bear closely misses you.
The black bear misses you. The scorpion attacks as you move away!
The scorpion stings you.
A sky beast comes into view.
The scorpion closely misses you. The scorpion stings you.
You are poisoned.
The scorpion poisons you!
The black bear attacks as you move away!
The black bear closely misses you. x2
The black bear claws you but does no damage.
You feel very sick. The scorpion attacks as you move away!
The scorpion stings you.
* * * LOW HITPOINT WARNING * * *
You are lethally poisoned!
The scorpion poisons you!
* * * LOW HITPOINT WARNING * * *
You feel very sick.
The black bear attacks as you move away!
The black bear closely misses you. The black bear claws you.
* * * LOW HITPOINT WARNING * * *
The black bear claws you.
You die...

...........##
..........#.
........#.
######......#.
#....#......#
#....'......## #
#....#........
##.#####...!#........
#...@s......#........
#.#.#h#?....#........
#.......##..#........
#.#.#.#.##..#########
#.........#.... #
#..#.#.#Y.#.[... #
#.........#...... #
#.###....######## #
#. .....# #


You could see a black bear, a sky beast and a scorpion.

Vanquished Creatures
  A black bear (D:4)
  2 hounds (D:4)
  Ijyb (D:3)
  2 orc wizards (D:7)
  4 adders
  3 worms
  3 orcs (D:7)
  4 ball pythons
  4 endoplasms
  A giant cockroach (D:2)
  4 goblins
  6 hobgoblins
  3 quokkas
  2 bats (D:2)
  3 frilled lizards (D:1)
  2 kobolds (D:1)
  2 rats (D:2)
47 creatures vanquished.

Vanquished Creatures (others)
  A fungus (D:2)
1 creature vanquished.

Grand Total: 48 creatures vanquished

Notes
Turn   | Place    | Note
-------+----------+-------------------------------------------
     0 | D:1      | gobodom the Octopode Earth Elementalist began the quest for
                  | the Orb.
     0 | D:1      | Reached XP level 1. HP: 11/11 MP: 3/3
   387 | D:1      | Reached XP level 2. HP: 17/17 MP: 5/5
  1606 | D:2      | Reached XP level 3. HP: 8/22 MP: 6/6
  1789 | D:2      | Identified 2 scrolls of acquirement
  1789 | D:2      | Acquired the +11 broad axe of Instant Death {vorpal, rElec
                  | Str+6 Dex+3}
  1792 | D:2      | Acquired 801 gold pieces
  1897 | D:2      | Found a faded altar of an unknown god.
  1901 | D:2      | Identified the +9 dagger "Goexteare" {drain, Will+}
  2299 | D:3      | Reached skill level 1 in Fighting
  2312 | D:3      | Found a shadowy altar of Dithmenos.
  2471 | D:3      | Noticed Ijyb
  2478 | D:3      | Killed Ijyb
  2479 | D:3      | Reached XP level 4. HP: 28/28 MP: 7/7
  2770 | D:3      | Reached skill level 1 in Short Blades
  3097 | D:4      | Reached XP level 5. HP: 30/33 MP: 4/9
  3186 | D:4      | Noticed a black bear
  3193 | D:4      | Killed a black bear
  3194 | D:4      | Reached skill level 1 in Unarmed Combat
  3480 | D:4      | Reached XP level 6. HP: 39/39 MP: 7/10
  3545 | D:4      | Found a staircase to the Ecumenical Temple.
  3865 | D:5      | Entered Level 5 of the Dungeon
  3865 | D:5      | Found Raeru Kyrgh's Armour Shoppe.
  3865 | D:5      | You fall into a shaft and drop 2 floors!
  4057 | D:7      | Noticed a black bear
  4074 | D:7      | Noticed a sky beast
  4078 | D:7      | Slain by a black bear

Illustrated notes

Levels and vault maps discovered:
D:1:      minmay_arrival_four_houses, layout_basic
D:2:      layout_loops_ring, shapermc_ecumenical_altar_mp_ritualfount
D:3:      layout_basic, lemuel_doored_altar, uniq_ijyb
D:4:      layout_basic, temple_pool_b, chequers_garden
D:5:      layout_cave_pools, nicolae_overflow_hidden_temple, serial_shops,
          nicolae_shop_trees, nicolae_shop_statue_plus, shop,
          nicolae_shop_hallway_stairs, shop, nicolae_stop_n_shop_2,
          minmay_fountain_box, serial_bayou_pond_a, serial_park_tiny_2,
          st_stairs_9, uniq_pikel
D:7:      layout_gridville, serial_co_window_serial, co_window_paths_a,
          co_window_corner_a, co_window_paths_a, co_window_of_opportunity_a,
          co_window_of_opportunity_a, co_window_broadway_c, co_window_corner_b,
          co_window_corner_ca, co_window_of_opportunity_b, glass_columns_a,
          glass_columns_b, glass_columns_b, glass_columns_a, glass_columns_c

Skill      XL: |  1  2  3  4  5  6 |
---------------+-------------------+-----
Stealth        | 3 4 |  4.6
Fighting       | 1 2 |  2.1
Short Blades   | 1 |  1.7
Unarmed Combat | 1 |  1.0
Spellcasting   | 3 |  3.1
Earth Magic    | 4 |  4.1
Axes           | |  0.1
Dodging        | |  2.5
Transmutations | |  1.0

Action                   |  1- 3 |  4- 6 || total
-------------------------+-------+-------++-------
Melee: Dagger            |    33 |    25 ||    58
       Tentacles         |     6 |     2 ||     8
       Constrict         |     4 |     4 ||     8
       Broad axe         |     1 |       ||     1
Throw: Dart              |       |     1 ||     1
 Cast: Sandblast         |    14 |    20 ||    34
  Use: Scroll            |     5 |       ||     5
       Potion            |     3 |       ||     3
 Stab: Sleeping          |     9 |     2 ||    11
Armor: Skin              |     1 |     3 ||     4
Dodge: Dodged            |    33 |    28 ||    61

Table legend: (Time is in decaauts)
 A = Elapsed time spent in this place.
 B = Non-inter-level travel time spent in this place.
 C = Inter-level travel time spent in this place.
 D = Time resting spent in this place.
 E = Time spent auto-exploring this place.
 F = Levels seen in this place.
 G = Mean time per level.
                   A        B        C        D        E       F      G
               +--------+--------+--------+--------+--------+-----+--------+
         Total |   4109 |   3946 |    163 |    346 |   3070 |   6 |  684.8 |
       Dungeon |   4109 |   3946 |    163 |    346 |   3070 |   6 |  684.8 |
               +--------+--------+--------+--------+--------+-----+--------+

Top non-repeatable levels by time:
     D:1: 1138 daAuts
     D:2: 983 daAuts
     D:3: 977 daAuts
     D:4: 790 daAuts
     D:7: 220 daAuts
